 Dungeon Crawl Stone Soup version bcrawl-1.37.2 (webtiles) character file.

Game seed: 12000261944713829934

160534 Leeroy the Slasher (level 4, 0/33 HPs)
             Began as a Vampire Skald on Feb 11, 2023.
             Slain by a jackal (2 damage)
             ... on level 2 of the Dungeon.
             The game lasted 00:03:35 (1701 turns).

Leeroy the Slasher (Vampire Skald)                  Turns: 1701, Time: 00:03:35

Health: 0/33       AC:  5    Str: 14    XL:     4   Next: 70%
Magic:  7/7        EV: 12    Int: 13    God:
Gold:   224        SH:  1    Dex: 13    Spells: 1/7 levels left

rFire    . . .     GDR:     26% a - +0 long sword
rCold    . . .     SeeInvis +   (no shield)
rNeg     . . .     Gourm    .   l - +1 robe {RegenMP}
rPois    .         Faith    .   (no helmet)
rElec    .         Spirit   .   (no cloak)
rCorr    .         Reflect  .   (no gloves)
MR       .....                  f - +1 pair of boots
Stlth    +.........             d - amulet of magic regeneration
HPRegen  0.40/turn              (no ring)
MPRegen  0.30/turn              (no ring)

@: lethally poisoned (0 -> -1), regenerating quickly
A: claws 1, fangs 3, see invisible, unbreathing
a: Bat Form


You were on level 2 of the Dungeon.
You were very full.

You visited 1 branch of the dungeon, and saw 3 of its levels.

You collected 224 gold pieces.

Inventory:

Hand Weapons
 a - a +0 long sword (weapon)
 c - a cursed -1 dagger
Armour
 b - a +0 leather armour
 f - a +1 pair of boots (worn)
 l - a +1 robe of magic recovery (worn)
Jewellery
 d - an amulet of magic regeneration (around neck)
 n - an uncursed amulet of the gourmand
 w - a +2 amulet of reflection
Scrolls
 e - a scroll of fear
 h - a scroll of immolation {unknown}
 k - a scroll of enchant weapon {unknown}
 m - a scroll of fog {unknown}
 o - a scroll of magic mapping {unknown}
 r - a scroll of teleportation {unknown}
 s - a scroll of blinking {unknown}
 x - a scroll of remove curse {unknown}
Potions
 g - a potion of magic {unknown}
 j - a potion of agility {unknown}
 p - a potion of mutation {unknown}
 q - 4 potions of blood
 t - a potion of lignification {unknown}
 u - a potion of brilliance {unknown}
 v - a potion of might {unknown}


   Skills:
 - Level 1.7 Fighting
 + Level 6.0 Long Blades
 - Level 0.8 Armour
 - Level 2.1 Dodging
 - Level 2.0 Spellcasting
 - Level 3.2 Charms


You had one spell level left.
You knew the following spells:

 Your Spells              Type           Power        Failure   Level  Hunger
a - Infusion              Chrm           #.......     7%          1    None
b - Spectral Weapon       Hex/Chrm       #.......     36%         3    ####...
c - Swiftness             Chrm/Air       #.......     21%         2    ##.....

Your spell library contained the following spells:

 Spells                   Type           Power        Failure   Level  Hunger
 Song of Slaying          Chrm           #.......     10%         2    ##.....
 Ozocubu's Armour         Chrm/Ice       #.......     36%         3    ####...
 Regeneration             Chrm/Necr      #.........   36%         3    ####...


Dungeon Overview and Level Annotations

Branches:
Dungeon (3/12)

Altars:


Innate Abilities, Weirdness & Mutations

Your natural rate of healing is unusually fast.
You have sharp fingernails.
You have razor-sharp teeth.
You have supernaturally acute eyesight. (SInv)
You can survive without breathing.


Message History

The jackal barks!
Cornered, the orc turns to fight!
The orc throws a poisoned tomahawk.
The poisoned tomahawk hits you but does no damage.
You are poisoned.
You feel sick. The jackal misses you.
The orc throws a poisoned tomahawk.
The poisoned tomahawk closely misses you.
The jackal misses you.
You feel sick. The jackal bites you.
* * * LOW HITPOINT WARNING * * *
You feel sick. The jackal barely misses you.
There is a stone staircase leading up here.
The jackal bites you but does no damage.
A rune on the stairs sparks and fizzles.
You climb upwards.
You feel sick.
There is a stone staircase leading down here.
You hit the jackal.
The jackal is almost dead.
The jackal bites you.
You die...

#.#<.....#######.#
#.#.######### ##.##
#.#....##...# #...#
#####.####)##...###...##
#.....## #.##...'......#
#.#....###%##...###...(###
#.#.##.##...........).....
#.#.##.##....##.#.........
#.......h@................
###.#####+##......####....
#.............#### #....
####..........^..# #....
#...........รท.# #....
#.........#...# #....
###########.).# #....
#######.###....
#...........###


You could see a jackal.

Vanquished Creatures
  An orc wizard (D:2)
  3 adders
  2 dart slugs (D:2)
  6 leopard geckos
  2 orcs (D:3)
  A ball python (D:1)
  A bat zombie (D:1)
  A giant cockroach (D:2)
  2 goblins
  9 hobgoblins
  3 jackals (D:3)
  A quokka (D:2)
  7 bats
  3 frilled lizards
  5 kobolds
  A quokka zombie (D:1)
  3 rats
51 creatures vanquished.

Notes
Turn   | Place    | Note
-------+----------+-------------------------------------------
     0 | D:1      | Leeroy the Vampire Skald began the quest for the Orb.
     0 | D:1      | Reached XP level 1. HP: 16/16 MP: 3/3
   162 | D:1      | Reached skill level 3 in Long Blades
   360 | D:1      | Reached XP level 2. HP: 20/22 MP: 5/5
   674 | D:1      | Reached skill level 4 in Long Blades
   799 | D:2      | Reached XP level 3. HP: 25/27 MP: 6/6
   841 | D:2      | Reached skill level 5 in Long Blades
   894 | D:2      | Learned a level 3 spell: Spectral Weapon
   897 | D:2      | Learned a level 2 spell: Swiftness
   909 | D:2      | Reached XP level 4. HP: 32/33 MP: 7/7
  1525 | D:3      | Reached skill level 6 in Long Blades
  1701 | D:2      | Slain by a jackal

Skill      XL: |  1  2  3  4 |
---------------+-------------+-----
Long Blades    | 3 4 5 6 |  6.0
Fighting       | |  1.7
Armour         | |  0.8
Dodging        | |  2.1
Spellcasting   | |  2.0
Charms         | |  3.2

Action                   |  1- 3 |  4- 6 || total
-------------------------+-------+-------++-------
Melee: Long sword        |    82 |    74 ||   156
       Bite              |     9 |     5 ||    14
  Use: Scroll            |       |     3 ||     3
 Stab: Sleeping          |     1 |     2 ||     3
  Eat: Corpse            |     6 |     8 ||    14
Armor: Leather armour    |    13 |     8 ||    21
       Robe              |       |    12 ||    12
Dodge: Dodged            |    44 |    52 ||    96
Block: Other             |       |     3 ||     3
